 Dungeon Crawl Stone Soup version 0.26-a0-52-gd53d4cd (webtiles) character file.

Game seed: 13949304961551995409

1736 Faca the Fighter (level 9, 16/75 HPs)
             Began as a Human Fighter on June 6, 2020.
             Was a Follower of Okawaru.
             Quit the game on level 8 of the Dungeon.
             The game lasted 00:10:47 (7147 turns).

Faca the Fighter (Human Fighter)                    Turns: 7147, Time: 00:10:48

Health: 16/75      AC: 11    Str: 20    XL:     9   Next: 26%
Magic:  9/9        EV:  5    Int:  8    God:    Okawaru [*.....]
Gold:   251        SH: 10    Dex: 13    Spells: 8/8 levels left

rFire    . . .     SeeInvis .   a - +0 flail
rCold    + . .     Gourm    .   c - +1 kite shield
rNeg     . . .     Faith    .   i - +0 chain mail
rPois    .         Spirit   .   t - +0 helmet
rElec    .         Reflect  .   (no cloak)
rCorr    .         Harm     .   w - +0 pair of gloves
MR       .....                  (no boots)
Stlth    ..........             (no amulet)
HPRegen  0.22/turn              e - ring of stealth
MPRegen  0.11/turn              s - ring of protection from cold

@: mildly poisoned (16 -> 14)
A: no striking features
a: Heroism, Renounce Religion


You were on level 8 of the Dungeon.
You worshipped Okawaru.
Okawaru was aware of your devotion.
You were hungry.

You visited 2 branches of the dungeon, and saw 9 of its levels.

You collected 251 gold pieces.

Inventory:

Hand Weapons
 a - a +0 flail (weapon)
Armour
 c - a +1 kite shield (worn)
 i - a +0 chain mail (worn)
 t - a +0 helmet (worn)
 w - a +0 pair of gloves (worn)
Jewellery
 e - a ring of stealth (left hand)
 s - a ring of protection from cold (right hand)
Wands
 d - a wand of random effects (20)
 g - a wand of polymorph (6)
Scrolls
 m - 2 scrolls of remove curse
 o - 2 scrolls of enchant armour
Potions
 b - 2 potions of heal wounds {unknown}
 j - a potion of haste
 k - 2 potions of cancellation
 p - a potion of resistance {unknown}
 q - a potion of might
Comestibles
 f - 14 rations


   Skills:
 + Level 8.6 Fighting
 + Level 8.2 Maces & Flails
 - Level 3.0 Armour
 - Level 3.0 Shields


You had 8 spell levels left.
You didn't know any spells.
Your spell library was empty.

Dungeon Overview and Level Annotations

Branches:
Dungeon (9/15)             Temple (1/1) D:5
   Lair: D:8-11         Orc: D:9-12

Altars:
Ashenzari
Cheibriados
Elyvilon
Fedhas
Gozag
Hepliaklqana
Kikubaaqudgha
Makhleb
Nemelex Xobeh
Okawaru
Qazlal
Sif Muna
Trog
Uskayaw
Vehumet
Wu Jian
Xom
Zin
The Shining One

Shops:
D:4 %

Annotations:
D:3 3 runed translucent doors, lunkers's ghost, amateur MfIE


Message History

The killer bee barely misses you.
The orc moves out of view.
An orc warrior comes into view.
It is wielding a +0 war axe of draining.
As you read the scroll of teleportation, it crumbles to dust.
You feel strangely unstable.
You feel sick. The killer bee stings you. The centaur hits you.
* * * LOW HITPOINT WARNING * * *
The orc warrior completely misses you. You block the killer bee's attack. x2
The centaur completely misses you.
The killer bee stings you but does no damage.
Your surroundings seem slightly different.
You feel sick. You block the killer bee's attack.
The bullfrog zombie hits you but does no damage.
You feel sick. You block the killer bee's attack.
You block the killer bee's attack.
Found a scroll labeled LIVEOC YGOUVAI and a scroll labeled XAX DADEOL.
You feel sick. You block the killer bee's attack. The killer bee stings you.
* * * LOW HITPOINT WARNING * * *
The killer bee stings you but does no damage.
Are you sure you want to abandon this character and quit the game? (Confirm with "yes".)

*** *,,,,****,***##$...)>#.##** *
***,,,,* *,,.##.....#....#
***<,,,,,******.?#.♣.♣......#
,,,,,,,,,,,,*###.#.._......##
,*,,***,,,,,,,...........###
,,,** *,,..,*##.........#########
,*** *,,...##...........##......
>* *,,.?..........$.#.........
,******,,,..#...@yyc...####o.....
,,,,,,,,,.......yyo...(..........
,**,,**,,.......ooZ.....#.#).....
,,*,*,,,,...........oo....#......
*,,,*,***#...#......yZo..##.(....
*,,,*,*,,..#.#..........(.....###
,,,**,,,*#*#............o###.##
,,*,,,,***,...........<..# *?.*
,,,,,,,,,,,###...........# *#.***


You could see 2 orc warriors, a centaur, 5 killer bees, 2 orc wizards, 2 orcs
and 2 bullfrog zombies.

Vanquished Creatures
  Sigmund (D:2)
  Menkaure (D:5)
  Edmund (D:4)
  An ice beast (D:9)
  A phantom (D:5)
  A necrophage (D:5)
  3 ogres
  2 centaurs (D:5)
  A bullfrog (D:2)
  Blork the orc (D:4)
  2 scorpions (D:4)
  A howler monkey (D:6)
  A crimson imp (D:5)
  A hound (D:5)
  2 centaur zombies (D:5)
  A bullfrog skeleton (D:9)
  2 worker ants
  A worker ant zombie (D:9)
  2 river rats (D:4)
  6 adders
  5 oozes
  4 worms
  4 dart slugs
  3 leopard geckos
  9 orcs
  3 ball pythons
  2 giant cockroaches
  8 goblins
  5 hobgoblins
  9 jackals
  5 bats
  3 frilled lizards
  2 jackal zombies
  6 kobolds
  A quokka skeleton (D:4)
  12 rats
113 creatures vanquished.

Notes
Turn   | Place    | Note
-------+----------+-------------------------------------------
     0 | D:1      | Faca the Human Fighter began the quest for the Orb.
     0 | D:1      | Reached XP level 1. HP: 18/18 MP: 1/1
    29 | D:1      | Reached XP level 2. HP: 19/24 MP: 2/2
   314 | D:1      | Reached XP level 3. HP: 29/29 MP: 3/3
  1507 | D:2      | Reached XP level 4. HP: 36/37 MP: 4/4
  2007 | D:2      | Found a sparkling altar of Nemelex Xobeh.
  2008 | D:2      | Found an opulent altar of Gozag.
  2121 | D:2      | Noticed Sigmund
  2124 | D:2      | Noticed a bullfrog
  2131 | D:2      | Killed Sigmund
  2131 | D:2      | Reached skill level 5 in Fighting
  2131 | D:2      | Reached XP level 5. HP: 31/44 MP: 5/5
  2131 | D:2      | Reached XP level 6. HP: 36/51 MP: 6/6
  2983 | D:3      | Found a runed translucent gate.
  2983 | D:3      | Found a runed translucent gate.
  2984 | D:3      | Found a runed translucent gate.
  2984 | D:3      | Noticed lunkers's ghost (amateur MfIE)
  3271 | D:4      | Reached skill level 5 in Maces & Flails
  3271 | D:4      | Reached XP level 7. HP: 47/56 MP: 7/7
  3435 | D:4      | Noticed Blork the orc
  3467 | D:4      | Killed Blork the orc
  3738 | D:4      | Found Haorch's Food Shop.
  4191 | D:4      | Noticed Edmund
  4212 | D:4      | Killed Edmund
  4508 | D:5      | Entered Level 5 of the Dungeon
  4559 | D:5      | Found a staircase to the Ecumenical Temple.
  4606 | Temple   | Entered the Ecumenical Temple
  4806 | Temple   | Became a worshipper of Warmaster Okawaru
  4831 | D:5      | Reached XP level 8. HP: 43/65 MP: 8/8
  4968 | D:5      | Found a shattered altar of Ashenzari.
  5038 | D:5      | Noticed Menkaure
  5049 | D:5      | Killed Menkaure
  5506 | D:5      | Reached * piety under Okawaru
  6099 | D:5      | Reached XP level 9. HP: 74/74 MP: 9/9
  6746 | D:6      | You fall into a shaft and drop 3 floors!
  6746 | D:9      | Noticed a two-headed ogre
  6756 | D:9      | Noticed a two-headed ogre
  6785 | D:9      | HP: 1/75 [worker ant zombie (4)]
  7123 | D:8      | Found a white marble altar of Elyvilon.
  7147 | D:8      | Quit the game

Illustrated notes

Levels and vault maps discovered:
D:1:      scummos_arrival_star, layout_basic, due_unseen_surprise
D:2:      minmay_wonky_spiral, layout_basic, grunt_temple_overflow_opulence,
          uniq_sigmund
D:3:      layout_basic, gammafunk_ghost_necromancy
D:4:      layout_rooms, lightli_sewer_entry_pipes, serial_shops, shop,
          uniq_blork_the_orc, uniq_edmund
D:5:      minmay_razor_zed, layout_cave_pools, overflow_temple_1_default,
          minmay_temple_entry_statues_fountains, first_ration, uniq_menkaure
D:6:      layout_loops_cross
D:8:      layout_rooms, serial_shops, kennysheep_mini, hangedman_feature_mirror
D:9:      layout_roguey, minmay_misc_feat_doors
Temple:   lightli_temple_of_artemis

Skill      XL: |  1  2  3  4  5  6  7  8  9 |
---------------+----------------------------+-----
Maces & Flails | 3 4 5 6 7 8 |  8.2
Fighting       | 5 6 7 8 |  8.6
Armour         | |  3.0
Shields        | |  3.0

Action                   |  1- 3 |  4- 6 |  7- 9 || total
-------------------------+-------+-------+-------++-------
Melee: Flail             |    97 |   148 |   356 ||   601
  Use: Scroll            |     4 |     5 |     9 ||    18
       Potion            |       |     1 |     5 ||     6
  Eat: Chunk             |     1 |     7 |    12 ||    20
Armor: Scale mail        |    53 |    43 |       ||    96
       Chain mail        |       |     8 |   184 ||   192
       Skin              |       |       |     6 ||     6
Dodge: Dodged            |    34 |    39 |    52 ||   125
Block: Kite shield       |    46 |    74 |   192 ||   312

Table legend:
 A = Non-vault XP
 B = Vault XP
 C = Vault XP percentage of total XP
 D = Non-vault monster count
 E = Vault monster count
 F = Vault count percentage of total count
                 A         B        C        D         E       F
            +---------+---------+-------+---------+---------+-------
      Total |    1400 |    1081 |  43.6 |      89 |      24 |  21.2
            +---------+---------+-------+---------+---------+-------
        D:1 |      61 |       0 |   0.0 |      24 |       0 |   0.0
        D:2 |     150 |     213 |  58.7 |      19 |       5 |  20.8
        D:3 |      38 |       0 |   0.0 |      16 |       0 |   0.0
        D:4 |     196 |     305 |  60.9 |      12 |       9 |  42.9
        D:5 |     467 |     563 |  54.7 |       9 |      10 |  52.6
        D:6 |     179 |       0 |   0.0 |       3 |       0 |   0.0
        D:9 |     307 |       0 |   0.0 |       5 |       0 |   0.0
     Temple |       2 |       0 |   0.0 |       1 |       0 |   0.0
            +---------+---------+-------+---------+---------+-------
